 Dungeon Crawl Stone Soup version 0.26.1-11-gd32895ea62 (webtiles) character file.

Game seed: 17165840041972422128

1183 Almogavar the Slasher (level 8, -1/62 HPs)
             Began as a Barachi Fighter on May 28, 2021.
             Slain by a red ugly thing (6 damage)
             ... on level 6 of the Dungeon.
             The game lasted 00:13:13 (4758 turns).

Almogavar the Slasher (Barachi Fighter)             Turns: 4758, Time: 00:13:13

Health: -1/62      AC: 11    Str: 26    XL:     8   Next: 42%
Magic:  8/8        EV:  9    Int:  9    God:
Gold:   305        SH: 10    Dex: 11    Spells: 7/7 levels left

rFire    . . .     SeeInvis .   a - +1 long sword
rCold    . . .     Faith    .   c - +0 kite shield
rNeg     . . .     Spirit   .   b - +0 scale mail
rPois    .         Reflect  .   x - +0 helmet
rElec    .         Harm     .   (no cloak)
rCorr    .         Rampage  .   h - +0 pair of gloves
Will     .....                  C - +0 pair of boots
Stlth    +.........             I - amulet of the acrobat
HPRegen  0.20/turn              i - ring of stealth
MPRegen  0.11/turn              A - +6 ring of strength

@: mighty, slow
A: +LOS, swims, slowness 1, strong legs 1
a: Hop


You were on level 6 of the Dungeon.
You visited 1 branch of the dungeon, and saw 6 of its levels.

You collected 305 gold pieces.

Inventory:

Hand Weapons
 a - a +1 long sword (weapon)
 l - a +0 hunting sling
Missiles
 m - 183 stones
 n - 26 bolts
 u - 23 sling bullets
Armour
 b - a +0 scale mail (worn)
 c - a +0 kite shield (worn)
 h - a +0 pair of gloves (worn)
 x - a +0 helmet (worn)
 C - a +0 pair of boots (worn)
 L - a +0 chain mail
Jewellery
 i - a ring of stealth (left hand)
 v - an uncursed ring of stealth
 A - a +6 ring of strength (right hand)
 I - an amulet of the acrobat (around neck)
 J - an uncursed ring of willpower
Wands
 D - a wand of flame (42)
 H - a wand of random effects (6)
Scrolls
 j - a scroll of enchant weapon
 k - 4 scrolls of teleportation {unknown}
 o - a scroll of remove curse
 s - a scroll of fear
 t - a scroll of enchant armour {unknown}
 y - a scroll of blinking {unknown}
 E - a scroll of fog {unknown}
 F - a scroll of amnesia {unknown}
Potions
 g - 2 potions of lignification
 p - 2 potions of haste {unknown}
 q - 6 potions of degeneration {unknown}
 w - 9 potions of curing {unknown}
 z - a potion of resistance {unknown}
 B - a potion of mutation {unknown}
 G - a potion of brilliance {unknown}
 K - a potion of flight {unknown}


   Skills:
 + Level 5.1 Fighting
 + Level 7.7 Long Blades
 + Level 6.2 Armour
 + Level 2.6 Dodging
 + Level 1.0 Stealth
 + Level 5.7 Shields
 + Level 1.1 Evocations


You had 7 spell levels left.
You didn't know any spells.
Your spell library was empty.

Dungeon Overview and Level Annotations

Branches:
Dungeon (6/15)
 Temple: D:4-7

Altars:
Fedhas

Shops:
D:4 =

Annotations:
D:2 exclusion: oklob plant
D:3 2 runed translucent doors, Almogavar's ghost, amateur GrEE


Innate Abilities, Weirdness & Mutations

You can be seen from farther away. (+LOS)
You can swim through water.
You cover ground slowly.
You can hop short distances.


Message History

The red ugly thing tentacle-slaps you!
You are engulfed in flames!!
You hit the red ugly thing.
The red ugly thing is moderately wounded.
You block the red ugly thing's attack.
You hit the red ugly thing.
The red ugly thing is heavily wounded.
You block the red ugly thing's attack.
You slash the red ugly thing!
The red ugly thing is severely wounded.
The red ugly thing tentacle-slaps you!
You are engulfed in flames!
* * * LOW HITPOINT WARNING * * *
You are too injured to fight recklessly!
You are too injured to fight recklessly!
You slice the red ugly thing!!
The red ugly thing is almost dead.
The red ugly thing tentacle-slaps you but does no damage.
You barely miss the red ugly thing.
The red ugly thing is almost dead.
The red ugly thing tentacle-slaps you.
You die...

#. #.# .⌠. # #.## ###
#. #.#.# ...# #.###
#.##.###...# #....
##.###u.....#
#...##...##.@.+
#...#..#..#..#.#
####....†......## #
#..).......#...#
##.####..##.....##
#.....#............ ..
#............##.#.##...
#..#.....###+##+#......
#.#.............#.#


You could see a red ugly thing.

Vanquished Creatures
  Sigmund (D:4)
  Edmund (D:4)
  An ice beast (D:5)
  A sky beast (D:6)
  An ogre (D:5)
  A centaur (D:5)
  A hound (D:6)
  2 orc priests
  A bullfrog skeleton (D:5)
  2 orc wizards (D:3)
  An iguana (D:5)
  4 worker ants
  3 hound skeletons (D:4)
  Robin (D:3)
  A howler monkey skeleton (D:5)
  4 gnolls (D:3)
  6 adders
  3 oozes
  An adder skeleton (D:4)
  3 worms
  6 dart slugs
  7 leopard geckos
  5 orcs
  2 giant cockroaches
  11 goblins
  13 hobgoblins
  4 quokkas
  8 bats
  5 frilled lizards
  A jackal skeleton (D:5)
  5 kobolds
  A leopard gecko skeleton (D:5)
  12 rats
119 creatures vanquished.

Notes
Turn   | Place    | Note
-------+----------+-------------------------------------------
     0 | D:1      | Almogavar the Barachi Fighter began the quest for the Orb.
     0 | D:1      | Reached XP level 1. HP: 18/18 MP: 1/1
   237 | D:1      | Reached XP level 2. HP: 25/25 MP: 2/2
   341 | D:1      | Reached XP level 3. HP: 30/30 MP: 3/3
   384 | D:1      | Reached skill level 3 in Long Blades
   703 | D:2      | Found a blossoming altar of Fedhas.
   713 | D:2      | Noticed an oklob plant
   881 | D:2      | Reached XP level 4. HP: 36/37 MP: 4/4
  1188 | D:3      | Noticed Robin
  1220 | D:3      | Killed Robin
  1416 | D:3      | Reached skill level 4 in Long Blades
  1506 | D:3      | Found a large runed translucent door.
  1507 | D:3      | Found a large runed translucent door.
  1507 | D:3      | Noticed Almogavar's ghost (amateur GrEE)
  1548 | D:3      | Found a faded altar of an unknown god.
  1566 | D:3      | Reached XP level 5. HP: 38/42 MP: 5/5
  2300 | D:3      | Reached skill level 1 in Dodging
  2416 | D:3      | Reached skill level 5 in Long Blades
  2416 | D:3      | Reached XP level 6. HP: 44/48 MP: 6/6
  3004 | D:4      | Reached skill level 5 in Armour
  3127 | D:4      | Noticed Edmund
  3146 | D:4      | Killed Edmund
  3147 | D:4      | Reached skill level 6 in Long Blades
  3147 | D:4      | Reached XP level 7. HP: 29/55 MP: 7/7
  3297 | D:4      | Noticed Sigmund
  3308 | D:4      | Killed Sigmund
  3325 | D:4      | Found Zuesumun's Jewellery Boutique.
  3346 | D:4      | Reached skill level 5 in Shields
  3449 | D:5      | Entered Level 5 of the Dungeon
  3484 | D:5      | Reached skill level 7 in Long Blades
  3484 | D:5      | Reached skill level 1 in Evocations
  3484 | D:5      | Reached XP level 8. HP: 56/61 MP: 8/8
  4251 | D:5      | Reached skill level 5 in Fighting
  4739 | D:6      | Reached skill level 1 in Stealth
  4751 | D:6      | Noticed a red ugly thing
  4758 | D:6      | Slain by a red ugly thing

Illustrated notes

Levels and vault maps discovered:
D:1:      minmay_arrival_plants_in_alcoves, layout_basic, minmay_tromino_v4_a
D:2:      layout_rooms, tgw_fedhas
D:3:      layout_loops_ring, ebering_ghost_disaster_area,
          chequers_ecumenical_altar_simple, uniq_robin
D:4:      layout_loops_cross, serial_glass, glass_columns_a, glass_columns_b,
          glass_columns_a, glass_columns_a, glass_columns_c, glass_columns_a,
          glass_columns_c, glass_columns_b, glass_columns_b, glass_columns_a,
          glass_columns_b, glass_columns_c, glass_columns_c, glass_columns_b,
          corexii_leaking_fountain, kennysheep_windowed_goal, uniq_sigmund,
          uniq_edmund
D:5:      layout_basic, chequers_serial_rivers_micro_c
D:6:      layout_basic, led_sif_book, kb_rosetta

Skill      XL: |  1  2  3  4  5  6  7  8 |
---------------+-------------------------+-----
Armour         | 4 5 6 |  6.2
Long Blades    | 3 4 5 6 7 |  7.7
Fighting       | 4 5 |  5.1
Dodging        | 1 2 |  2.6
Shields        | 4 5 |  5.7
Evocations     | 1 |  1.1
Stealth        | 1 |  1.0

Action                   |  1- 3 |  4- 6 |  7- 9 || total
-------------------------+-------+-------+-------++-------
Melee: Long sword        |   104 |   192 |    94 ||   390
Evoke: Wand              |       |     3 |     5 ||     8
  Use: Scroll            |     1 |     3 |     3 ||     7
       Potion            |       |       |     1 ||     1
 Stab: Sleeping          |       |     2 |       ||     2
Armor: Scale mail        |    51 |    97 |    34 ||   182
Dodge: Dodged            |    39 |    54 |    25 ||   118
Block: Kite shield       |    48 |   100 |    57 ||   205
       Rpst.: Long sword |    12 |    13 |     7 ||    32
